 Dungeon Crawl Stone Soup version 0.27-a0-1438-g9b7c6745da (webtiles) character file.

Game seed: 13586961003977998830

385 AarnesTheHuman the Shield-Bearer (level 7, -4/55 HPs)
             Began as a Formicid Fighter on July 4, 2021.
             Was an Initiate of Makhleb.
             Slain by a river rat (5 damage)
             ... in a sewer.
             The game lasted 00:05:14 (3364 turns).

AarnesTheHuman the Shield-Bearer (Formicid Fighter) Turns: 3364, Time: 00:05:14

Health: -4/55      AC:  7    Str: 23    XL:     7   Next: 6%
Magic:  7/7        EV:  9    Int:  7    God:    Makhleb [......]
Gold:   101        SH: 15    Dex: 10    Spells: 6/6 levels left

rFire    . . .     SeeInvis +   b - +0 trident
rCold    . . .     Faith    .   c - +0 kite shield
rNeg     . . .     Spirit   .   p - +0 scale mail
rPois    .         Reflect  +   (helmet unavailable)
rElec    .         Harm     .   (no cloak)
rCorr    .         Rampage  .   (no gloves)
Will     .....                  (no boots)
Stlth    ..........             t - amulet of reflection
HPRegen  0.18/turn              (no ring)
MPRegen  0.10/turn              (no ring)

@: very slow
A: permanent stasis, dig shafts and tunnels, antennae 3, four strong arms
a: Dig, Renounce Religion


You were in a sewer.
You worshipped Makhleb.
Makhleb was noncommittal.
You visited 1 branch of the dungeon, and saw 4 of its levels.
You also visited: Sewer.

You collected 101 gold pieces.

Inventory:

Hand Weapons
 a - a +0 shortbow
 b - a +0 trident (weapon)
Missiles
 g - 5 atropa-tipped darts
 q - 15 arrows
Armour
 c - a +0 kite shield (worn)
 p - a +0 scale mail (worn)
Jewellery
 r - an amulet of guardian spirit
 s - a ring of willpower
 t - an amulet of reflection (around neck)
Scrolls
 e - a scroll of identify
 f - a scroll of magic mapping
 h - 4 scrolls of teleportation {unknown}
 i - a scroll of torment {unknown}
 j - a scroll of noise {unknown}
 l - a scroll of vulnerability {unknown}
Potions
 d - a potion of might
 k - a potion of resistance
 m - 2 potions of curing
 n - a potion of attraction {unknown}
 o - a potion of invisibility {unknown}
 u - a potion of haste {unknown}


   Skills:
 + Level 4.6 Fighting
 + Level 3.4 Polearms
 + Level 4.6 Armour
 * Level 6.2 Shields


You had 6 spell levels left.
You didn't know any spells.
Your spell library contained the following spells:

 Spells                   Type           Power      Damage    Failure   Level
 Shock                    Conj/Air       0%         1d3       90%         1
 Sting                    Tmut/Pois      0%         1d3       90%         1
 Passwall                 Tmut/Erth      0%         N/A       97%         2
 Poisonous Vapours        Pois/Air       0%         N/A       97%         2
 Airstrike                Air            0%         N/A       100%        4
 Olgreb's Toxic Radiance  Pois           0%         N/A       100%        4
 Invisibility             Hex            0%         N/A       100%        6
 Swiftness                Air            Unusable   N/A       N/A         3

Dungeon Overview and Level Annotations

Branches:
Dungeon (4/15)              Sewer (1/1)
 Temple: D:4-7

Altars:
Makhleb
Vehumet
Yredelemnul

Shops:
D:2 [


Innate Abilities, Weirdness & Mutations

You cannot be hasted, slowed, berserked, paralysed or teleported.
You can dig through walls and to a lower floor.
You have a pair of large antennae on your head. (SInv)
Your four strong arms can wield two-handed weapons with a shield.


Message History

The river rat barely misses you. You block the river rat's attack.
The river rat misses you.
Your unstable footing causes you to fumble your attack.
You block the river rat's attack. The rat bites you. The river rat bites you.
The river rat bites you but does no damage.
You closely miss the river rat. You block the river rat's attack. x2
The river rat bites you.
Your unstable footing causes you to fumble your attack.
You block the river rat's attack. x3; The river rat bites you!
You hit the river rat.
The river rat is heavily wounded.
The river rat barely misses you. You block the river rat's attack. x2
The river rat barely misses you. You block the river rat's attack.
The river rat bites you.
Your unstable footing causes you to fumble your attack.
The river rat bites you.
The river rat bites you but does no damage.
You block the river rat's attack.
The river rat bites you but does no damage.
The river rat bites you.
You are too injured to fight recklessly!
You are too injured to fight recklessly!
The river rat bites you but does no damage.
You block the river rat's attack. x2
The river rat bites you.
Your unstable footing causes you to fumble your attack.
You block the river rat's attack. The river rat bites you. x2
* * * LOW HITPOINT WARNING * * *
You block the river rat's attack.
You hit the river rat but do no damage. You block the river rat's attack.
The river rat twitches its whiskers.
The river rat bites you!
* * * LOW HITPOINT WARNING * * *
The river rat bites you!
* * * LOW HITPOINT WARNING * * *
Your unstable footing causes you to fumble your attack.
The river rat bites you.
* * * LOW HITPOINT WARNING * * *
You block the river rat's attack. x2; The river rat bites you.
You die...

#≈≈≈≈≈≈#
#≈≈†≈≈≈#
#≈≈≈≈≈≈#
#≈≈≈≈≈≈#
#≈≈≈≈≈≈#
#≈≈≈≈≈≈#
#≈≈≈≈≈≈#
#≈≈†≈≈≈#
#≈≈≈≈≈≈#
#≈.≈≈≈≈#
#.≈≈≈≈≈#
#≈≈#≈≈≈#
#≈≈≈≈≈≈#
#≈≈≈≈.≈#
#≈≈r≈≈≈#
#≈≈≈≈≈≈#
#≈≈#@r≈#
#≈≈≈≈≈≈#
#≈≈rrr≈#
#≈≈≈≈≈≈#
#≈rr≈≈≈#
#≈≈≈≈≈≈#
#≈rr≈≈≈#
#≈≈≈≈≈≈#
#≈≈≈≈≈≈#
#≈≈≈≈≈≈#
#≈≈≈≈≈≈#
#≈≈≈≈≈≈#
##.≈...#
#.≈≈..##
......#
#......#
.....##
#..∩∩..#


You could see 5 river rats and 4 rats.

Vanquished Creatures
  Sigmund (D:3)
  A centaur (D:3)
  A crimson imp (D:3)
  2 adders
  2 river rats (Sewer)
  3 dart slugs
  A worm (D:3)
  6 endoplasms
  5 giant cockroaches
  5 goblins
  9 hobgoblins
  3 jackals (D:2)
  6 kobolds
  2 quokkas
  6 ball pythons
  A ball python zombie (D:3)
  9 bats
  2 jackal zombies (D:3)
  7 rats
72 creatures vanquished.

Vanquished Creatures (others)
  A plant (D:1)
1 creature vanquished.

Grand Total: 73 creatures vanquished

Notes
Turn   | Place    | Note
-------+----------+-------------------------------------------
     0 | D:1      | AarnesTheHuman the Formicid Fighter began the quest for the
                  | Orb.
     0 | D:1      | Reached XP level 1. HP: 18/18 MP: 1/1
   148 | D:1      | Found a faded altar of an unknown god.
   179 | D:1      | Reached XP level 2. HP: 24/24 MP: 2/2
   222 | D:1      | Reached skill level 4 in Shields
   490 | D:1      | Reached XP level 3. HP: 29/29 MP: 3/3
  1350 | D:2      | Reached XP level 4. HP: 20/37 MP: 4/4
  1835 | D:2      | Found Uklephum's Armour Shop.
  1877 | D:3      | Noticed a centaur
  1887 | D:3      | Killed a centaur
  1888 | D:3      | Reached skill level 5 in Shields
  1888 | D:3      | Reached XP level 5. HP: 29/42 MP: 5/5
  2283 | D:3      | Noticed Sigmund
  2299 | D:3      | Killed Sigmund
  2300 | D:3      | Reached XP level 6. HP: 25/49 MP: 3/6
  2550 | D:3      | Reached skill level 6 in Shields
  2709 | D:3      | Found a basalt altar of Yredelemnul.
  2861 | D:3      | Found a radiant altar of Vehumet.
  2861 | D:3      | Found a burning altar of Makhleb.
  2874 | D:3      | Became a worshipper of Makhleb the Destroyer
  3128 | D:4      | Found a glowing drain.
  3167 | Sewer    | Entered a sewer
  3199 | Sewer    | Reached XP level 7. HP: 50/55 MP: 7/7
  3363 | Sewer    | HP: 2/55 [river rat (8)]
  3364 | Sewer    | Slain by a river rat

Illustrated notes

Levels and vault maps discovered:
D:1:      dpeg_arrival_long_road, layout_basic, serial_aquarium,
          aquarium_bridge_square [aquarium_subvault_bridge,
          aquarium_subvault_bridge, aquarium_subvault_window,
          aquarium_subvault_wall], aquarium_bridge_square
          [aquarium_subvault_bridge, aquarium_subvault_bridge,
          aquarium_subvault_window, aquarium_subvault_bridge],
          aquarium_window_corner, aquarium_window_fake, aquarium_view_2f,
          aquarium_balcony_3b, aquarium_pool_corner,
          shapermc_ecumenical_altar_mp_urbaneastern, minmay_pentomino_v4
D:2:      layout_rooms, serial_shops, shop_fountains, minmay_split_cup_small
D:3:      layout_loops_corners, grunt_temple_overflow_lords_of_destruction,
          nicolae_yredelemnul_corpse_copse, uniq_sigmund
D:4:      layout_basic, gup_sewer_entry_glass
Sewer:    sewer_minmay_w

Skill      XL: |  1  2  3  4  5  6 |
---------------+-------------------+-----
Shields        | 4 5 6 |  6.2
Fighting       | 4 |  4.6
Armour         | 4 |  4.6
Polearms       | 3 |  3.4

Action                   |  1- 3 |  4- 6 |  7- 9 || total
-------------------------+-------+-------+-------++-------
Melee: Trident           |   109 |   139 |    34 ||   282
 Fire: Shortbow          |       |     3 |       ||     3
  Use: Scroll            |       |     2 |       ||     2
Armor: Scale mail        |    45 |    61 |    17 ||   123
Dodge: Dodged            |    32 |    50 |    11 ||    93
Block: Kite shield       |    60 |    82 |    42 ||   184

Table legend: (Time is in decaauts)
 A = Elapsed time spent in this place.
 B = Non-inter-level travel time spent in this place.
 C = Inter-level travel time spent in this place.
 D = Time resting spent in this place.
 E = Time spent auto-exploring this place.
 F = Levels seen in this place.
 G = Mean time per level.
                   A        B        C        D        E       F      G
               +--------+--------+--------+--------+--------+-----+--------+
         Total |   3471 |   3405 |     66 |    446 |   2297 |   5 |  694.2 |
       Dungeon |   3243 |   3177 |     66 |    355 |   2287 |   4 |  810.8 |
         Sewer |    227 |    227 |      0 |     91 |     10 |   1 |  227.0 |
               +--------+--------+--------+--------+--------+-----+--------+

Top non-repeatable levels by time:
     D:3: 1226 daAuts
     D:1: 1190 daAuts
     D:2: 730 daAuts
   Sewer: 227 daAuts
     D:4: 96 daAuts
